 Dungeon Crawl Stone Soup version 0.30-a0-465-g8901f6c8b5 (webtiles) character file.

Game seed: 13187624577184876523

4981 Zonian the Thaumaturge (level 10, 0/60 HPs)
             Began as a Djinni Ice Elementalist on Dec 18, 2022.
             Was a Follower of Ashenzari.
             Slain by a hell rat (3 damage)
             ... on level 1 of the Lair of Beasts.
             The game lasted 00:23:04 (13200 turns).

Zonian the Thaumaturge (Djinni Ice Elementalist)   Turns: 13200, Time: 00:23:04

Health: 0/60       AC: 15    Str: 13    XL:     10   Next: 83%
Gold:   531        EV: 10    Int: 23    God:    Ashenzari [*.....] SH:  0 Dex: 14

rFire   + + .      SeeInvis .    i - +4 short sword (venom)
rCold   x . .      Faith    .    (no shield)
rNeg    . . .      Spirit   .    F - +6 scale mail of the Skies Above {Int+2}
rPois   ∞          Reflect  .    (no helmet)
rElec   .          Harm     .    r - +0 cloak of Ashenzari's Disgust {Melee, Self} (curse)
rCorr   .          Rampage  .    e - +0 pair of gloves "Circumscribed With Me" {Melee, Cun} (curse)
Will    +....                    (boots unavailable)
Stlth   +.........               (no amulet)
HPRegen 0.30/turn                B - +6 ring of strength
MPRegen 0.00/turn                (no ring)

@: flying
A: sickness immunity, fire resistance 2, cold vulnerability 1, float, innate
caster, HP casting, extra vitality 1
a: Renounce Religion, Curse Item, Shatter the Chains


You were on level 1 of the Lair of Beasts.
You worshipped Ashenzari.
Ashenzari was aware of your devotion.
You visited 3 branches of the dungeon, and saw 10 of its levels.
You also visited: Sewer.

You collected 531 gold pieces.

Inventory:

Hand Weapons
 c - a +3 short sword
 i - a +4 short sword of venom (weapon)
 l - a +0 broad axe of venom
 n - a +2 hand axe of flaming
 p - a +0 long sword
 s - a +0 rapier
 C - a -2 demon whip of venom
Missiles
 f - 6 boomerangs
 y - 3 boomerangs of dispersal
 A - 4 curare-tipped darts
Armour
 e - the cursed +0 pair of gloves "Circumscribed With Me" (worn) {Melee, Cun}
   (You found it on level 4 of the Dungeon)

   It has a curse which improves the following skills: Melee Combat: Short
   Blades, Long Blades, Axes, Maces & Flails, Polearms, Staves and Unarmed
   Combat.
   Cunning:   Dodging and Stealth.
 r - the cursed +0 cloak of Ashenzari's Disgust (worn) {Melee, Self}
   (You took it off Crazy Yiuf on level 4 of the Dungeon)

   It has a curse which improves the following skills: Melee Combat: Short
   Blades, Long Blades, Axes, Maces & Flails, Polearms, Staves and Unarmed
   Combat.
   Introspection: Fighting and Spellcasting.
 F - the +6 scale mail of the Skies Above (worn) {Int+2}
   (You found it on level 7 of the Dungeon)

   Int:       It affects your intelligence (+2).
Jewellery
 a - the Hermit's Pendant {Faith Invo=14 Evo=0 MP+5}
   (You found it on level 8 of the Dungeon)

   [amulet of faith]

   It sets your invocations skill to 14 and your evocations skill to 0.
   It allows you to gain divine favour quickly.
   MP:        It affects your magic capacity (+5).
 B - a +6 ring of strength (left hand)
 H - a ring of ice
Wands
 j - a wand of quicksilver (3)
 G - a wand of digging (8)
Scrolls
 q - 3 scrolls of blinking
 t - 2 scrolls of magic mapping
 w - 5 scrolls of teleportation
 z - 2 scrolls of fog
 I - a scroll of butterflies
Potions
 b - a potion of resistance
 d - a potion of ambrosia
 g - 2 potions of haste
 h - 2 potions of heal wounds
 k - 3 potions of flight
 m - 4 potions of lignification
 o - 2 potions of might
 u - a potion of berserk rage
 v - 2 potions of degeneration
 x - 6 potions of curing
 D - a potion of invisibility
 E - 4 potions of magic


   Skills:
 - Level 4.0 Armour
 - Level 2.6(3.3) Dodging
 - Level 2.0(2.6) Stealth
 + Level 11.7(12.5) Spellcasting


You had 13 spell levels left.
You knew the following spells:

 Your Spells              Type           Power      Damage    Failure   Level
a - Freeze                Ice            100%       1d10      1%          1
b - Frozen Ramparts       Ice            100%       1d16      1%          3
c - Ozocubu's Armour      Ice            64%        N/A       1%          3
d - Summon Ice Beast      Ice/Summ       64%        N/A       1%          4
e - Kiss of Death         Conj/Necr      100%       2d13      1%          1
f - Static Discharge      Conj/Air       100%       2-7/arc   1%          2
g - Lesser Beckoning      Tloc           100%       N/A       1%          3
h - Fulminant Prism       Conj/Hex       32%        3d15      1%          4
Your spell library was empty.

Dungeon Overview and Level Annotations

Branches:
Dungeon (8/15)             Temple (1/1) D:5            Lair (1/5) D:8
  Sewer (visited)

Altars:
Ashenzari
Elyvilon
Gozag
Makhleb
Nemelex Xobeh
Okawaru
Qazlal
Ru
Trog
Uskayaw
Wu Jian
Zin
The Shining One

Shops:
D:2 [   D:4 [

Annotations:
D:3 Pargi
D:4 Menkaure, Natasha


Innate Abilities, Weirdness & Mutations

You are immune to sickness and miasma.
You are immune to poison.
Your flesh is very heat resistant. (rF++)
You are vulnerable to cold. (rC-)
You float through the air rather than walking.
You learn spells naturally, not from books.
Your magical power is your life essence.
You have superior vitality. (+4 MHP)


Message History

Unknown command.
You completely miss the hell rat.
The hell rat is moderately wounded.
The hell rat barely misses you. The hell rat bites you. The hell rat bites you!
The hell rat misses you.
You hit the hell rat.
The hell rat is severely wounded.
The hell rat bites you but does no damage.
The hell rat closely misses you. The hell rat barely misses you.
The hell rat completely misses you.
The hell rat bites you but does no damage.
The hell rat bites you. The hell rat bites you!
* * * LOW HITPOINT WARNING * * *
Casting: Frozen Ramparts (safe; 1% risk of failure)
Confirm with . or Enter, or press ? or * to list all spells.
The hell rat is struck by an arc of lightning!
The hell rat is heavily wounded.
The hell rat is struck by an arc of lightning.
The hell rat is moderately wounded.
The hell rat is struck by an arc of lightning.
The hell rat is almost dead.
The hell rat is struck by an arc of lightning.
The hell rat is heavily wounded.
You are struck by an arc of lightning.
* * * LOW HITPOINT WARNING * * *
The lightning grounds out.
The hell rat is struck by an arc of lightning.
The hell rat is severely wounded.
You are struck by an arc of lightning.
* * * LOW HITPOINT WARNING * * *
The hell rat is struck by an arc of lightning.
The hell rat is almost dead.
The hell rat is struck by an arc of lightning.
You kill the hell rat!
The lightning grounds out.
* * * LOW HITPOINT WARNING * * *
The hell rat bites you.
* * * LOW HITPOINT WARNING * * *
The hell rat misses you. The hell rat bites you.
You die...

..#
##...##....##
.# ##...P...##
##.....##
##....#
#.....####
#...#...#P#
#...P##....#
#...#####..r##
#...# ##.@r#
....# #.#rr.#
...# ####rr...
.. .......
.......
.......
...#...
..###..


You could see 6 hell rats.

Vanquished Creatures
  Amaemon (D:8)
  An orange demon (D:8)
  A kobold demonologist (D:7)
  A troll (D:7)
  A hornet (D:7)
  3 yaks (D:8)
  A wyvern (D:8)
  2 wargs (D:8)
  A water moccasin (D:6)
  4 sky beasts (D:7)
  An ice beast (D:6)
  3 orc warriors
  A phantom (D:6)
  A centaur (D:6)
  2 necrophages
  Blork the orc (D:4)
  3 bullfrogs
  2 scorpions (D:4)
  A wight (D:7)
  2 howler monkeys (D:7)
  3 jellies
  4 orc priests
  6 hounds
  Crazy Yiuf (D:4)
  Jessica (D:2)
  Natasha (twice) (D:4)
  A hell rat (Lair:1)
  2 iguanas
  8 orc wizards
  6 gnolls
  7 adders
  2 river rats (Sewer)
  A shadow imp (D:6)
  An ufetubus (D:4)
  A worm (D:4)
  A dart slug (D:1)
  35 orcs
  6 ball pythons
  3 bats
  14 endoplasms
  7 giant cockroaches
  3 hobgoblins
  7 jackals
  6 kobolds
  3 quokkas
  6 frilled lizards
  6 goblins
  6 rats
182 creatures vanquished.

Vanquished Creatures (others)
  2 plants
2 creatures vanquished.

Grand Total: 184 creatures vanquished

Notes
Turn   | Place    | Note
-------+----------+-------------------------------------------
     0 | D:1      | Zonian the Djinni Ice Elementalist began the quest for the
                  | Orb.
     0 | D:1      | Zonian set off with the following spells memorised: Freeze,
                  | Frozen Ramparts, Ozocubu's Armour, Summon Ice Beast.
     0 | D:1      | Reached XP level 1. HP: 15/15 MP: 0/0
   141 | D:1      | Found a faded altar of an unknown god.
   197 | D:1      | Reached XP level 2. HP: 13/21 MP: 0/0
  1015 | D:2      | Found Qatup's Antique Armour Boutique.
  1310 | D:2      | Reached XP level 3. HP: 24/25 MP: 0/0
  1310 | D:2      | Learned a level 1 spell: Kiss of Death
  1331 | D:2      | Noticed Jessica
  1356 | D:2      | Killed Jessica
  1546 | D:2      | Reached XP level 4. HP: 29/31 MP: 0/0
  1549 | D:2      | Reached skill level 4 in Spellcasting
  1702 | D:2      | Found a hide-covered altar of Uskayaw.
  2934 | D:3      | Noticed Pargi
  3011 | D:3      | Reached XP level 5. HP: 33/35 MP: 0/0
  3011 | D:3      | Learned a level 2 spell: Static Discharge
  3037 | D:3      | Identified the +0 chain mail of Honesty {rCorr Dex+2
                  | Slay+2}
  3064 | D:3      | You are sucked into a shaft and drop 1 floor!
  3287 | D:4      | Found Luroimen's Armour Boutique.
  3461 | D:4      | Noticed Menkaure
  3472 | D:4      | Reached skill level 5 in Spellcasting
  3472 | D:4      | Reached XP level 6. HP: 23/40 MP: 0/0
  4345 | D:4      | Noticed Natasha
  4351 | D:4      | Killed Natasha
  4366 | D:4      | Noticed Natasha
  4492 | D:4      | Noticed Blork the orc
  4594 | D:4      | Found a runed translucent door.
  4595 | D:4      | Noticed Crazy Yiuf
  4600 | D:4      | Killed Crazy Yiuf
  4677 | D:4      | Killed Blork the orc
  4786 | D:4      | Killed Natasha
  4787 | D:4      | Reached XP level 7. HP: 13/45 MP: 0/0
  4787 | D:4      | Learned a level 3 spell: Lesser Beckoning
  5138 | D:5      | Entered Level 5 of the Dungeon
  5385 | D:5      | Reached skill level 6 in Spellcasting
  5603 | D:4      | Noticed Natasha
  5823 | D:5      | Found a staircase to the Ecumenical Temple.
  5838 | Temple   | Entered the Ecumenical Temple
  5892 | Temple   | Became a worshipper of Ashenzari the Shackled
  6770 | D:6      | HP: 1/45 [/static electricity (4)]
  6771 | D:6      | Reached skill level 7 in Spellcasting
  6771 | D:6      | Reached XP level 8. HP: 1/50 MP: 0/0
  7079 | D:6      | Found a burning altar of Makhleb.
  7200 | D:6      | Found a glowing drain.
  7205 | Sewer    | Entered a sewer
  7530 | Sewer    | Found a viscous altar of Jiyva.
  8274 | D:6      | Reached skill level 8 in Spellcasting
  8569 | D:6      | Found an opulent altar of Gozag.
  8610 | D:6      | Reached XP level 9. HP: 53/55 MP: 0/0
  8610 | D:6      | Learned a level 4 spell: Fulminant Prism
  9369 | D:7      | Reached * piety under Ashenzari
  9649 | D:7      | Reached skill level 9 in Spellcasting
 10059 | D:7      | Found Soohucel's Assorted Antiques.
 10332 | D:7      | Noticed a hornet
 10355 | D:7      | Identified the +6 scale mail of the Skies Above {Int+2}
 10637 | D:7      | Reached skill level 1 in Armour
 10803 | D:7      | Killed a hornet
 10865 | D:7      | Noticed a troll
 10868 | D:7      | Killed a troll
 10875 | D:7      | Noticed a kobold demonologist
 10882 | D:7      | Killed a kobold demonologist
 10883 | D:7      | Reached skill level 10 in Spellcasting
 10883 | D:7      | Reached XP level 10. HP: 57/60 MP: 0/0
 11653 | D:8      | Found the Hermit's Pendant {Faith Invo=14 Evo=0 MP+5}
 11809 | D:8      | Noticed Amaemon
 11809 | D:8      | Noticed an orange demon
 11824 | D:8      | Killed Amaemon
 11828 | D:8      | Killed an orange demon
 11829 | D:8      | Reached skill level 11 in Spellcasting
 11969 | D:8      | Found a bloodstained altar of Trog.
 13015 | D:8      | Found a staircase to the Lair.
 13134 | Lair:1   | Entered Level 1 of the Lair of Beasts
 13200 | Lair:1   | HP: 3/60 [hell rat (6)]
 13200 | Lair:1   | Slain by a hell rat

Illustrated notes

Levels and vault maps discovered:
D:1:      heliophobic_arrival_glass_houses, layout_basic,
          basic_ecumenical_altar, kennysheep_minor_cross,
          dreamdust_princess_bridge, minmay_distorted
D:2:      layout_basic, basic_altar, serial_shops,
          nicolae_shop_overgrown_old_shop, uniq_jessica
D:3:      layout_basic, minmay_between, uniq_grinder, uniq_terence, uniq_robin,
          uniq_pargi
D:4:      layout_loops_ring, serial_shops, shop_statue, grunt_ministairs_2,
          uniq_natasha, uniq_blork_the_orc, uniq_crazy_yiuf_cottage,
          uniq_menkaure
D:5:      layout_rooms, minmay_temple_entry_glass, amcnicky_mini_pool_small
D:6:      layout_loops_corners, nicolae_gozag_cash_rules_everything_around_me,
          mainiacjoe_overflow_large_starburst, portal_sewer_entry_e
D:7:      layout_basic, serial_shops, nicolae_shop_hallway_plus,
          minmay_shattered_shrine
D:8:      layout_basic, mainiacjoe_overflow_small_starburst,
          erik_lair_orcish_takeover, uniq_amaemon
Temple:   nicolae_temple_bog_church
Lair:1:   layout_hall_layers, columned_hall_lemuel

Skill      XL: |  1  2  3  4  5  6  7  8  9 10 |
---------------+-------------------------------+-----
Stealth        | 2 |  2.0
Spellcasting   | 4 5 7 8 10 11 | 11.7
Armour         | 4 |  4.0
Dodging        | |  2.6

Action                   |  1- 3 |  4- 6 |  7- 9 | 10-12 || total
-------------------------+-------+-------+-------+-------++-------
Melee: Unarmed           |     4 |       |       |       ||     4
       Short sword       |     6 |    79 |   254 |    54 ||   393
       Punch             |       |     1 |     5 |       ||     6
Throw: Dart              |       |       |     2 |       ||     2
 Cast: Freeze            |    24 |    34 |    11 |       ||    69
       Kiss of Death     |     1 |     1 |       |       ||     2
       Frozen Ramparts   |       |     3 |    26 |     7 ||    36
       Static Discharge  |       |     2 |    16 |     3 ||    21
       Ozocubu's Armour  |       |       |     3 |       ||     3
       Summon Ice Beast  |       |       |     1 |       ||     1
Invok: Curse Item        |       |       |     2 |       ||     2
Evoke: Wand              |       |       |     2 |       ||     2
  Use: Scroll            |     1 |     9 |     2 |     1 ||    13
       Potion            |       |     1 |     1 |       ||     2
 Stab: Sleeping          |       |     3 |     4 |       ||     7
       Distracted        |       |       |     2 |       ||     2
Armor: Robe              |     5 |    22 |    54 |       ||    81
       Scale mail        |       |       |    14 |    37 ||    51
Dodge: Dodged            |    23 |    84 |   174 |    36 ||   317

Table legend: (Time is in decaauts)
 A = Elapsed time spent in this place.
 B = Non-inter-level travel time spent in this place.
 C = Inter-level travel time spent in this place.
 D = Time resting spent in this place.
 E = Time spent auto-exploring this place.
 F = Levels seen in this place.
 G = Mean time per level.
                   A        B        C        D        E       F      G
               +--------+--------+--------+--------+--------+-----+--------+
         Total |  13197 |  12992 |    205 |   5460 |   5295 |  11 | 1199.7 |
       Dungeon |  12510 |  12329 |    181 |   5364 |   5006 |   8 | 1563.8 |
        Temple |     77 |     54 |     23 |      0 |     39 |   1 |   77.0 |
          Lair |     65 |     65 |      0 |      0 |     39 |   1 |   65.0 |
         Sewer |    542 |    542 |      0 |     96 |    211 |   1 |  542.0 |
               +--------+--------+--------+--------+--------+-----+--------+

Top non-repeatable levels by time:
     D:7: 2331 daAuts
     D:6: 2212 daAuts
     D:4: 2144 daAuts
     D:2: 1746 daAuts
     D:8: 1499 daAuts
     D:5: 1259 daAuts
     D:1: 999 daAuts
   Sewer: 542 daAuts
     D:3: 317 daAuts
  Temple: 77 daAuts
  Lair:1: 65 daAuts
